 Dungeon Crawl Stone Soup version 0.23.0 (webtiles) character file.

Game seed: 7934101725223676588

615599 DrEnzyme the Gargoyle Barricade (level 27, -2/147 HPs)
             Began as a Gargoyle Gladiator on Feb 14, 2019.
             Was a High Priest of the Shining One.
             Killed from afar by a quicksilver dragon (21 damage)
             ... with a bolt of dispelling energy
             ... on level 3 of the Realm of Zot.
             The game lasted 03:09:57 (61546 turns).

DrEnzyme the Gargoyle Barricade (GrGl)             Turns: 61546, Time: 03:09:57

Health: -2/147     AC: 53    Str: 38    XL:     27
Magic:  20/27      EV: 14    Int: 19    God:    the Shining One [*****.]
Gold:   5232       SH: 32    Dex: 15    Spells: 27/28 levels left

rFire    + + +     SeeInvis .   V - +7 morningstar (elec)
rCold    + . .     Gourm    .   y - +0 large shield {reflect}
rNeg     + + +     Faith    .   d - +4 gold dragon scales
rPois    ∞         Spirit   .   F - +2 hat of Okawaru's Reproof {rF+++ Regen+ Int+4 Stlth-}
rElec    +         Reflect  +   v - +2 cloak "Ynua" {rPois}
rCorr    +         Harm     .   R - +2 pair of gloves
MR       +++++                  X - +2 pair of boots {run}
Stlth    ..........             G - amulet "Hafon" {Reflect MR+ Str+4 SH+3}
HPRegen  1.14/turn              s - ring "Anwo Eli" {+Blink Str+6 Int+3}
MPRegen  0.20/turn              O - ring of resist corrosion

@: flying, hasted (expiring), glowing, very quick
A: big wings, hooves 1, thin skeletal structure 1, agile 1, deformed body, frail
2, low mp 1, magic resistance 2, negative energy resistance 1, regeneration 1,
electricity resistance, unbreathing, petrification resistance, rot immunity, AC
+20
}: 4/15 runes: decaying, slimy, abyssal, gossamer
a: Stop Flying, Divine Shield, Cleansing Flame, Summon Divine Warrior, Renounce
Religion, Evoke Blink


You were on level 3 of the Realm of Zot.
You worshipped the Shining One.
The Shining One was extremely pleased with you.
You were full.

You visited 10 branches of the dungeon, and saw 51 of its levels.
You visited the Abyss 2 times.
You visited 1 ziggurat, and saw 9 of its levels.
You also visited: Trove, Gauntlet and Ice Cave.

You collected 6421 gold pieces.
You spent 1189 gold pieces at shops.

Inventory:

Hand Weapons
 K - a +7 eveningstar of pain
 V - a +7 morningstar of electrocution (weapon)
Armour
 d - +4 gold dragon scales (worn)
 v - the +2 cloak "Ynua" (worn) {rPois}
   (Okawaru gifted it to you on level 1 of the Elven Halls)

   It protects you from poison.
 y - a +0 large shield of reflection (worn)
 E - the +7 chain mail of Fecwus {Str+6 Dex+2 Stlth+}
   (Okawaru gifted it to you on level 3 of the Spider Nest)

   It affects your strength (+6).
   It affects your dexterity (+2).
   It makes you more stealthy.
 F - the +2 hat of Okawaru's Reproof (worn) {rF+++ Regen+ Int+4 Stlth-}
   (Okawaru gifted it to you on level 1 of the Lair of Beasts)

   It affects your intelligence (+4).
   It renders you almost immune to fire.
   It increases your rate of regeneration.
   It makes you less stealthy.
 R - a +2 pair of gloves (worn)
 X - a +2 pair of boots of running (worn)
Jewellery
 m - an uncursed ring of see invisible
 o - the ring of the Coward {rPois rF+ Int+5 Stlth+}
   (You found it in a Gauntlet)

   [ring of protection from fire]

   It affects your intelligence (+5).
   It protects you from fire.
   It protects you from poison.
   It makes you more stealthy.
 s - the ring "Anwo Eli" (left hand) {+Blink Str+6 Int+3}
   (You found it in a treasure trove)

   [ring of intelligence]

   It affects your strength (+6).
   It affects your intelligence (+3).
   It lets you blink.
 G - the amulet "Hafon" (around neck) {Reflect MR+ Str+4 SH+3}
   (You found it in a treasure trove)

   [amulet of reflection]

   It shields you and reflects attacks.
   It affects your strength (+4).
   It affects your resistance to hostile enchantments.
   It affects your SH (+3).
 O - a ring of resist corrosion (right hand)
 W - the ring "Cimpof Ogio" {rC+ rN+ MR+ Dex+3 Stlth+}
   (You found it on level 6 of the Lair of Beasts)

   [ring of protection from magic]

   It affects your dexterity (+3).
   It protects you from cold.
   It protects you from negative energy.
   It affects your resistance to hostile enchantments.
   It makes you more stealthy.
 Z - an uncursed ring of magical power {unknown}
Wands
 k - a wand of acid (36)
 l - a wand of paralysis (36)
 t - a wand of polymorph (33)
 C - a wand of iceblast (24)
 D - a wand of digging (12)
 P - a wand of scattershot (3)
 S - a wand of flame (62)
Scrolls
 b - 12 scrolls of fog
 c - 4 scrolls of holy word
 g - 11 scrolls of magic mapping
 i - 12 scrolls of identify
 n - 26 scrolls of remove curse
 u - 10 scrolls of amnesia
 w - 3 scrolls of blinking
 x - 8 scrolls of teleportation
 A - 2 scrolls of silence
 B - 7 scrolls of fear
 I - 2 scrolls of immolation
Potions
 a - a potion of resistance
 h - 7 potions of ambrosia
 q - 2 potions of mutation (quivered)
 r - 6 potions of curing
 H - 4 potions of invisibility
 L - 5 potions of lignification
 M - 2 potions of cancellation
 N - 6 potions of agility
 Q - a potion of might
 T - a potion of haste
Miscellaneous
 e - a lamp of fire
 p - a lightning rod (4/4)
 z - 3 sacks of spiders
 J - a phial of floods
 U - 2 boxes of beasts
 Y - 2 phantom mirrors
Comestibles
 f - 46 rations


   Skills:
 + Level 22.2 Fighting
 + Level 23.4 Maces & Flails
 + Level 2.0 Throwing
 + Level 17.0 Armour
 + Level 10.2 Dodging
 + Level 7.3 Stealth
 O Level 27 Shields
 + Level 1.1 Spellcasting
 + Level 1.1 Translocations
 + Level 10.6 Invocations
 + Level 3.0 Evocations


You had 27 spell levels left.
You knew the following spells:

 Your Spells              Type           Power        Failure   Level  Hunger
a - Apportation           Tloc           #.....       65%         1    ##.....

Your spell library contained the following spells:

 Spells                   Type           Power        Failure   Level  Hunger
 Blink                    Tloc           N/A          80%         2    ###....
 Beastly Appendage        Tmut           #.....       82%         1    ##.....
 Corona                   Hex            #......      82%         1    ##.....
 Flame Tongue             Conj/Fire      #....        82%         1    ##.....
 Infusion                 Chrm           #...         82%         1    ##.....
 Magic Dart               Conj           #...         82%         1    ##.....
 Sandblast                Erth           #.....       82%         1    ##.....
 Shock                    Conj/Air       #...         82%         1    ##.....
 Sting                    Conj/Pois      #...         82%         1    ##.....
 Summon Butterflies       Summ           #.......     82%         1    ##.....
 Summon Small Mammal      Summ           #...         82%         1    ##.....
 Shroud of Golubria       Chrm/Tloc      #.........   86%         2    ###....
 Call Imp                 Summ           #.......     91%         2    ###....
 Corpse Rot               Necr           N/A          91%         2    ###....
 Ensorcelled Hibernation  Hex/Ice        #.....       91%         2    ###....
 Passwall                 Tmut/Erth      #.......     91%         2    ###....
 Poisonous Vapours        Pois/Air       #.....       91%         2    ###....
 Searing Ray              Conj           #.....       91%         2    ###....
 Slow                     Hex            #.......     91%         2    ###....
 Song of Slaying          Chrm           #.......     91%         2    ###....
 Sticks to Snakes         Tmut           #.......     91%         2    ###....
 Swiftness                Chrm/Air       #.......     91%         2    ###....
 Throw Flame              Conj/Fire      #.....       91%         2    ###....
 Gell's Gravitas          Tloc           #.........   95%         3    ####...
 Lesser Beckoning         Tloc           #.........   95%         3    ####...
 Teleport Other           Tloc           #.......     95%         3    ####...
 Portal Projectile        Hex/Tloc       #.....       98%         3    ####...
 Recall                   Summ/Tloc      N/A          98%         3    ####...
 Call Canine Familiar     Summ           #.......     99%         3    ####...
 Conjure Flame            Conj/Fire      #.......     99%         3    ####...
 Dazzling Spray           Conj/Hex       #.....       99%         3    ####...
 Ignite Poison            Fire/Tmut/Pois #.......     99%         3    ####...
 Inner Flame              Hex/Fire       #.......     99%         3    ####...
 Mephitic Cloud           Conj/Pois/Air  #.......     99%         3    ####...
 Ozocubu's Armour         Chrm/Ice       #.......     99%         3    ####...
 Regeneration             Chrm/Necr      #.........   99%         3    ####...
 Spectral Weapon          Hex/Chrm       #.......     99%         3    ####...
 Spider Form              Tmut/Pois      #.........   99%         3    ####...
 Static Discharge         Conj/Air       #.......     99%         3    ####...
 Stone Arrow              Conj/Erth      #.....       99%         3    ####...
 Summon Guardian Golem    Hex/Summ       #.......     99%         3    ####...
 Tukima's Dance           Hex            #.......     99%         3    ####...
 Airstrike                Air            #.........   100%        4    #####..
 Animate Dead             Necr           N/A          100%        4    #####..
 Cause Fear               Hex            #.........   100%        4    #####..
 Force Lance              Conj/Tloc      #.......     100%        4    #####..
 Fulminant Prism          Conj/Hex       #.........   100%        4    #####..
 Ice Form                 Ice/Tmut       #.......     100%        4    #####..
 Iskenderun's Mystic Bla  Conj           #.......     100%        4    #####..
 Leda's Liquefaction      Hex/Erth       #.........   100%        4    #####..
 Olgreb's Toxic Radiance  Pois           #.......     100%        4    #####..
 Passage of Golubria      Tloc           N/A          100%        4    #####..
 Petrify                  Tmut/Erth      #.......     100%        4    #####..
 Sticky Flame             Conj/Fire      #.......     100%        4    #####..
 Summon Ice Beast         Ice/Summ       #.......     100%        4    #####..
 Summon Lightning Spire   Summ/Air       #.......     100%        4    #####..
 Agony                    Necr           #.......     100%        5    ######.
 Alistair's Intoxication  Tmut/Pois      #.......     100%        5    ######.
 Aura of Abjuration       Summ           #.........   100%        5    ######.
 Blade Hands              Tmut           #.........   100%        5    ######.
 Bolt of Draining         Conj/Necr      #.........   100%        5    ######.
 Borgnjor's Vile Clutch   Necr/Erth      #.........   100%        5    ######.
 Dispel Undead            Necr           #.......     100%        5    ######.
 Excruciating Wounds      Chrm/Necr      #.........   100%        5    ######.
 Fireball                 Conj/Fire      #.........   100%        5    ######.
 Irradiate                Conj/Tmut      #.........   100%        5    ######.
 Lee's Rapid Deconstruct  Erth           #.........   100%        5    ######.
 Lightning Bolt           Conj/Air       #.........   100%        5    ######.
 Silence                  Hex/Air        #.........   100%        5    ######.
 Summon Demon             Summ           #.........   100%        5    ######.
 Summon Forest            Summ/Tloc      #.........   100%        5    ######.
 Summon Mana Viper        Hex/Summ       #.......     100%        5    ######.
 Venom Bolt               Conj/Pois      #.........   100%        5    ######.
 Yara's Violent Unravell  Hex/Tmut       #.........   100%        5    ######.
 Bolt of Fire             Conj/Fire      #.........   100%        6    #######
 Conjure Ball Lightning   Conj/Air       #.........   100%        6    #######
 Darkness                 Hex            #.........   100%        6    #######
 Death Channel            Necr           #.........   100%        6    #######
 Deflect Missiles         Chrm/Air       #.........   100%        6    #######
 Freezing Cloud           Conj/Ice/Air   #.........   100%        6    #######
 Hydra Form               Tmut           #.........   100%        6    #######
 Invisibility             Hex            #.......     100%        6    #######
 Shadow Creatures         Summ           N/A          100%        6    #######
 Simulacrum               Ice/Necr       #.........   100%        6    #######
 Dragon Form              Tmut           #.........   100%        7    #######
 Malign Gateway           Summ/Tloc      #.........   100%        7    #######
 Ring of Flames           Chrm/Fire      #.........   100%        7    #######
 Summon Hydra             Summ           #.........   100%        7    #######
 Discord                  Hex            #.........   100%        8    #######
 Ignition                 Fire           #.........   100%        8    #######
 Shatter                  Erth           #.........   100%        9    #######
 Tornado                  Air            #.........   100%        9    #######
 Sublimation of Blood     Necr           Unusable     N/A         2    N/A

Dungeon Overview and Level Annotations

Branches:
Dungeon (15/15)            Temple (0/1) D:5            Lair (6/6) D:9
  Swamp (4/4) Lair:3       Spider (4/4) Lair:2        Slime (5/5) Lair:5
    Orc (2/2) D:10            Elf (3/3) Orc:2        Vaults (4/5) D:14
  Crypt (0/3) Vaults:3     Depths (5/5) D:15            Zot (3/5) Depths:5

Altars:
Cheibriados
Dithmenos
Elyvilon
Fedhas
Gozag
Hepliaklqana
Makhleb
Okawaru
Ru
Sif Muna
Trog
Vehumet
Wu Jian
Xom
Yredelemnul
Zin
The Shining One
Beogh
Jiyva

Shops:
D:4 [   D:14 *   Orc:2 (*=[   Vaults:1 :   Vaults:2 *

Portals:
Hell: Depths:1 Depths:2 Depths:3 Depths:4 Depths:5
Abyss: Depths:4
Pandemonium: Depths:1 Depths:3 Depths:4

Annotations:
D:12 1 runed translucent door
D:14 1 transporter
Vaults:3 exclusion: downstairs
Zot:3 Tiamat


Innate Abilities, Weirdness & Mutations

You are resistant to torment.
Your stone body is resilient. (AC +20)
You are immune to poison.
Your large and strong wings let you fly indefinitely.
You resist negative energy. (rN+)
You are resistant to electric shocks. (rElec)
You can survive without breathing.
You are immune to petrification.
You are immune to rotting.
You have large cloven feet.
You have a somewhat thin skeletal structure. (Dex +2, Stealth)
You are agile. (Dex +2)
Armour fits poorly on your strangely shaped body.
You are very frail. (-20% HP)
Your magical capacity is low. (-10% MP)
You are highly resistant to hostile enchantments. (MR++)
Your natural rate of healing is unusually fast.


Message History

The moth of wrath's fur bristles in rage as it notices you.
You're too confused to move!
You feel less invigorated.
You feel less confused. You block the death drake's attack.
You block the quicksilver dragon's attack. x2
Tiamat hits you from afar with a +2 demon trident of draining!!
* * * LOW HITPOINT WARNING * * *
Your blink will be uncontrolled - continue anyway? [Y]es or [N]o only, please.
Your blink will be uncontrolled - continue anyway?
The Orb prevents control of your translocation!
You blink.
As you read the scroll of blinking, it crumbles to dust.
The ice encasing you melts away.
You feel better.
You feel yourself speed up. You block Tiamat's attack.
The quicksilver dragon breathes dispelling energy at you.
The bolt of dispelling energy hits you!!
Your magical effects are unravelling.
You die...

#...###))))..####....
#..).)...........#
#..).)).##.....#.
#....y..##...#####
##.kdq..###...####.
#.ldk...# #...#..##.
.#..Ddk..#
##....###.###
.........# #...##
#... ......#.@.#
#...# ##..
.....##...#
##..#####.##
#.....###...#
#...##..##. #....##
#..... ##....####.
##...# ##....#
#....####. #...#
##....##.# ...#
##......# #...
###...## . ##....


You could see Tiamat, 2 draconians, a quicksilver dragon, a green draconian
stormcaller, a death drake, a wind drake, a moth of wrath, a komodo dragon and a
rime drake.

Vanquished Creatures
  the Royal Jelly (Slime:5)
  An ancient lich (Zot:2)
  Mara (Vaults:3)
  2 juggernauts
  Sojobo (Vaults:4)
  4 Killer Klowns (Zig:9)
  A curse toe (Zot:2)
  A caustic shrike (Depths:3)
  Jory (Vaults:4)
  5 golden dragons
  A bone dragon (Depths:5)
  Arachne (Spider:2)
  An electric golem (Zot:1)
  The ghost of foobar1000 the Acrobat, a veteran SpHu of Okawaru (Vaults:4)
  Rupert (D:15)
  4 tentacled monstrosities
  An Ice Fiend (Zig:1)
  Asterion (Vaults:4)
  8 liches
  3 deep elf blademasters
  8 titans
  3 quicksilver dragons
  5 death cobs
  5 sphinxes
  22 acid blobs
  An ancient champion (Vaults:3)
  2 tentacled starspawn (Abyss:3)
  The ghost of ShrewdGherkins the Devastator, an adept TeCj of Vehumet (Swamp:3)
  Agnes (Vaults:4)
  6 thorn hunters
  A storm dragon (shapeshifter) (Zig:9)
  2 draconian monks (Zot:2)
  A storm dragon (Vaults:4)
  7 tengu reavers
  4 shadow dragons
  11 frost giants
  13 azure jellies
  17 fire giants
  11 ghost moths
  13 deep elf sorcerers
  2 iron dragons (shapeshifter) (Depths:4)
  6 draconian scorchers (Zot:3)
  4 draconian knights
  Louise (Lair:3)
  6 iron dragons
  An orc warlord (Orc:1)
  3 emperor scorpions (Spider:4)
  2 draconian shifters
  6 vault wardens
  A draconian stormcaller (Depths:5)
  A ghoul (Vaults:3)
  A deep elf elementalist (Elf:3)
  3 spriggan defenders
  16 stone giants
  11 ironheart preservers
  An entropy weaver (shapeshifter) (Depths:3)
  6 draconian annihilators
  6 entropy weavers
  A reaper (Abyss:1)
  23 very ugly things
  7 vampire knights
  10 green draconians
  5 war gargoyles (Depths:4)
  10 deep elf annihilators
  8 black draconians
  9 purple draconians
  7 white draconians
  7 deep elf demonologists
  A minotaur (Gauntlet)
  7 red draconians
  6 yellow draconians
  A dire elephant (Lair:6)
  4 deep elf death magi
  10 spark wasps
  2 merfolk javelineers
  21 ettins
  2 crystal guardians
  5 death oozes
  A merfolk impaler (Depths:1)
  9 fire dragons
  4 yaktaur captains
  5 rakshasas
  8 ice dragons
  6 deep elf high priests
  8 great orbs of eyes
  2 vault guards
  25 hydras
  2 juggernaut simulacra (Depths:4)
  4 spriggan air magi
  3 catoblepae
  9 centaur warriors
  A merfolk avatar (Zig:7)
  9 ogre magi
  A merfolk aquamancer (Zig:7)
  3 shambling mangroves
  20 two-headed ogres
  2 ghost crabs (Swamp:3)
  A two-headed ogre (shapeshifter) (Depths:1)
  11 death yaks
  4 tengu warriors
  12 alligators
  3 deep troll shamans
  30 dancing weapons
  8 deep troll earth magi
  A hell hog (Depths:5)
  2 vampire magi
  A shock serpent (shapeshifter) (Vaults:4)
  A satyr (Zig:7)
  7 spriggan berserkers
  3 orc high priests
  A soul eater (Zig:4)
  17 hell knights
  2 iron trolls (Depths:3)
  2 thrashing horrors (Abyss:2)
  11 spriggans
  A skeletal warrior (Vaults:3)
  25 deep elf knights
  A sixfirhy (Abyss:1)
  A spatial maelstrom (Abyss:3)
  A sea snake (Zig:7)
  Nergalle (Orc:2)
  2 flayed ghosts
  A sea snake (shapeshifter) (Depths:4)
  2 unseen horrors
  4 spriggan druids
  13 deep trolls
  14 swamp dragons
  An entropy weaver zombie (Vaults:2)
  A tengu zombie (Vaults:3)
  A lindwurm (Lair:6)
  2 obsidian statues (Zig:4)
  5 glowing orange brains
  2 orange crystal statues (Zig:4)
  13 deep elf archers
  A phantasmal warrior (Zig:4)
  3 wizards
  8 harpies
  19 orb spiders
  A wolf spider zombie (D:14)
  10 orc knights
  17 necromancers
  A wolf spider (shapeshifter) (Vaults:1)
  The ghost of jorbis the Cutter, a novice DsBe of Trog (D:7)
  16 ironbrand convokers
  34 ugly things
  5 oklob plants
  3 orc sorcerers
  62 deep elf magi
  6 cyclopes
  11 shining eyes
  25 wolf spiders
  9 manticores
  9 elephants
  A tengu skeleton (Vaults:3)
  3 fauns (Zig:7)
  A black mamba (shapeshifter) (Depths:5)
  5 moths of wrath
  2 centaur zombies
  3 large abominations
  A naga mage (Depths:4)
  4 apocalypse crabs
  9 black mambas
  A merfolk siren (Zig:7)
  13 vault sentinels
  3 torpor snails
  A stone giant skeleton (Vaults:3)
  Joseph (D:9)
  5 ice statues (IceCv)
  6 gargoyles
  5 eyes of devastation
  An orange demon (Abyss:3)
  A spiny frog (shapeshifter) (Vaults:1)
  11 spiny frogs
  A minotaur zombie (Gauntlet)
  A yaktaur zombie (Vaults:2)
  19 yaktaurs
  6 komodo dragons
  2 rime drakes (Lair:6)
  3 centaur skeletons
  14 demonic crawlers
  2 redback zombies (D:15)
  6 freezing wraiths
  A silent spectre (Abyss:3)
  2 tengu conjurers
  A jumping spider (shapeshifter) (Vaults:2)
  A komodo dragon (shapeshifter) (Vaults:4)
  An anaconda simulacrum (IceCv)
  26 jumping spiders
  A merfolk (Zig:7)
  A meliai (shapeshifter) (Vaults:4)
  2 trolls (shapeshifter)
  8 trolls
  10 polar bears
  11 tyrant leeches
  2 polar bears (shapeshifter) (Vaults:4)
  6 raiju
  3 raiju (shapeshifter)
  12 hippogriffs
  A wind drake (shapeshifter) (Vaults:4)
  Prince Ribbit (D:9)
  22 hornets
  22 blink frogs
  152 slime creatures
  A snapping turtle (shapeshifter) (Depths:4)
  8 bog bodies
  A frost giant simulacrum (Vaults:3)
  3 centaur simulacra
  32 tarantellas
  2 ettin skeletons (Abyss:3)
  7 water elementals
  3 shadows
  8 starcursed masses (Abyss:1)
  A wraith (D:14)
  4 wyverns
  60 redbacks
  A spriggan (shapeshifter) (Depths:2)
  4 air elementals
  16 humans (D:14)
  2 ynoxinuls
  A yak (shapeshifter) (Depths:2)
  Grum (D:9)
  A chaos spawn (Zig:9)
  3 fire elementals
  13 vampire mosquitoes
  44 yaks
  A basilisk (shapeshifter) (Vaults:4)
  8 basilisks
  3 small abominations
  10 golden eyes
  4 hungry ghosts
  4 iron troll simulacra (IceCv)
  A harpy simulacrum (IceCv)
  20 insubstantial wisps
  15 swamp worms
  2 acid dragons (D:13)
  2 hydra simulacra (IceCv)
  A soldier ant (D:15)
  7 wargs
  22 water moccasins
  23 hell hounds
  20 porcupines
  3 floating eyes
  Duvessa (D:5)
  2 floating eyes (shapeshifter)
  37 orc warriors
  A black bear (shapeshifter) (Depths:2)
  An ettin simulacrum (IceCv)
  7 swamp drakes
  A necrophage (D:6)
  4 sky beasts
  6 eyes of draining
  12 ice beasts
  13 black bears
  A human zombie (Vaults:2)
  An eye of draining (shapeshifter) (Vaults:4)
  19 centaurs
  31 ogres
  5 phantoms
  A wolf (shapeshifter) (Vaults:1)
  An elf skeleton (Vaults:3)
  71 wolves
  A centaur (shapeshifter) (Vaults:2)
  A crocodile (shapeshifter) (Vaults:4)
  15 crocodiles
  A big kobold (shapeshifter) (D:15)
  13 bullfrogs
  2 earth elementals
  Dowan (D:5)
  A wyvern skeleton (D:14)
  4 scorpions
  11 killer bees (D:9)
  22 wights
  2 howler monkeys (D:7)
  4 electric eels
  9 crimson imps
  4 quasits
  A bullfrog zombie (D:8)
  7 jellies
  25 orc priests
  5 hounds
  22 orc wizards
  A bullfrog skeleton (D:13)
  9 iguanas
  Ijyb (D:3)
  6 worker ants
  7 hell rats (Lair:6)
  Terence (D:2)
  4 worker ant zombies
  Robin (D:4)
  4 gnolls (D:3)
  14 adders
  4 shadow imps
  A white imp (Depths:1)
  8 oozes
  A worm (D:3)
  3 dart slugs
  5 leopard geckos
  91 orcs
  7 bats
  2 giant cockroaches
  15 goblins
  14 hobgoblins
  11 jackals
  6 kobolds
  6 quokkas
  4 ball pythons
  7 frilled lizards
  A quokka zombie (D:9)
  5 rats
  6 briar patches
  A bush (Lair:2)
  A crawling corpse (Elf:3)
  5 plants
  3 starspawn tentacles (Abyss:3)
2368 creatures vanquished.

Vanquished Creatures (collateral kills)
  A tentacled monstrosity (Zot:2)
  3 quicksilver dragons (Zot:2)
  A death cob (Zot:2)
  A draconian scorcher (Zot:3)
  A red draconian (Zot:2)
  A yaktaur captain (Zig:6)
  A fire dragon (Zig:6)
  A ghost crab (Swamp:3)
  An alligator (Swamp:3)
  An orc knight (Zig:6)
  A shadow (Swamp:3)
  A chaos spawn (Zig:9)
14 creatures vanquished.

Vanquished Creatures (others)
  4 deep elf master archers
  A frost giant (Depths:2)
  3 fire giants
  4 stone giants
  An entropy weaver (Spider:1)
  A spark wasp (Depths:4)
  An ogre mage (Vaults:4)
  A yaktaur captain (Vaults:1)
  3 centaur warriors
  A hell hog (Depths:5)
  2 deep elf knights
  A spriggan druid (Swamp:2)
  2 deep elf archers
  A necromancer (Vaults:3)
  3 deep elf magi
  A cyclops (Vaults:2)
  A vault sentinel (Vaults:1)
  A spiny frog (Swamp:4)
  3 yaktaurs
  A demonic crawler (Spider:2)
  A troll (Zig:5)
  A jumping spider (Spider:1)
  A tyrant leech (Swamp:4)
  A hornet (Swamp:4)
  2 redbacks (Spider:2)
  2 spriggans (Swamp:4)
  An orc warrior (Vaults:2)
  2 swamp drakes
  2 ogres (Vaults:4)
  7 centaurs
  A crimson imp (Depths:3)
  3 orc wizards
  An orc (Vaults:3)
  2 briar patches
  8 fungi
  26 plants
  A starspawn tentacle (Abyss:3)
98 creatures vanquished.

Grand Total: 2480 creatures vanquished

Notes
Turn   | Place    | Note
-------+----------+-------------------------------------------
     0 | D:1      | DrEnzyme the Gargoyle Gladiator began the quest for the
                  | Orb.
     0 | D:1      | Reached XP level 1. HP: 12/12 MP: 1/1
   139 | D:1      | Reached XP level 2. HP: 17/17 MP: 2/2
   748 | D:2      | Reached XP level 3. HP: 20/22 MP: 3/3
   811 | D:2      | Found a sacrificial altar of Ru.
   950 | D:2      | Reached XP level 4. HP: 27/28 MP: 4/4
  1035 | D:2      | Reached skill level 1 in Armour
  1179 | D:2      | Noticed Terence
  1184 | D:2      | Killed Terence
  1274 | D:3      | Found an ornate altar of the Wu Jian Council.
  1300 | D:3      | Noticed Ijyb
  1476 | D:3      | Found a bloodstained altar of Trog.
  1502 | D:3      | Found a shimmering altar of Xom.
  1765 | D:3      | Reached XP level 5. HP: 23/32 MP: 3/5
  2079 | D:3      | Killed Ijyb
  2515 | D:4      | Noticed an ogre
  2519 | D:4      | Noticed a sky beast
  2524 | D:4      | Killed an ogre
  2524 | D:4      | Reached skill level 5 in Maces & Flails
  2524 | D:4      | Reached XP level 6. HP: 26/37 MP: 3/6
  2527 | D:4      | Killed a sky beast
  2529 | D:4      | Found a hazy altar of Hepliaklqana.
  2708 | D:4      | Noticed a phantom
  2747 | D:4      | Killed a phantom
  2747 | D:4      | Reached XP level 7. HP: 29/42 MP: 7/7
  2856 | D:4      | Found an iron altar of Okawaru.
  2900 | D:4      | Became a worshipper of Warmaster Okawaru
  3011 | D:4      | Noticed Robin
  3022 | D:4      | Killed Robin
  3058 | D:4      | Found Diul's Antique Armour Shop.
  3061 | D:4      | Bought a pair of gloves for 112 gold pieces
  3377 | D:4      | Found a snail-covered altar of Cheibriados.
  3571 | D:5      | Entered Level 5 of the Dungeon
  3586 | D:5      | Found a staircase to the Ecumenical Temple.
  3629 | D:5      | Reached skill level 1 in Stealth
  3777 | D:5      | Noticed Duvessa
  3777 | D:5      | Noticed Dowan
  3799 | D:5      | Killed Duvessa
  3805 | D:5      | Killed Dowan
  3805 | D:5      | Reached XP level 8. HP: 33/48 MP: 5/8
  4037 | D:5      | Reached * piety under Okawaru
  4914 | D:4      | Bought a glowing cloak for 187 gold pieces
  5064 | D:6      | Reached skill level 5 in Fighting
  5416 | D:6      | Reached XP level 9. HP: 54/54 MP: 9/9
  5500 | D:7      | Reached ** piety under Okawaru
  5702 | D:7      | Found a transporter.
  5970 | D:7      | Identified the +4 battleaxe of Ru {chop, MR+ MP+9 Dex+2}
  5970 | D:7      | Identified the cursed +0 plate armour of Birdsong {rC+ MR+}
  5972 | D:7      | Found a runed translucent gate.
  5972 | D:7      | Found a runed translucent gate.
  5972 | D:7      | Found a runed translucent gate.
  5972 | D:7      | Noticed jorbis's ghost (novice DsBe)
  6227 | D:7      | Found a transporter.
  6285 | D:8      | Reached skill level 5 in Armour
  6303 | D:8      | Reached skill level 10 in Maces & Flails
  6354 | D:8      | Reached *** piety under Okawaru
  6501 | D:8      | Found a burning altar of Makhleb.
  6501 | D:8      | Found a glowing silver altar of Zin.
  6731 | D:8      | Found a radiant altar of Vehumet.
  6784 | D:8      | Reached XP level 10. HP: 60/61 MP: 8/10
  7229 | D:9      | Found a staircase to the Lair.
  7229 | D:9      | Noticed a death yak
  7233 | D:9      | Noticed a death yak
  7234 | D:9      | Noticed a death yak
  7235 | D:9      | Noticed Grum
  7254 | D:9      | Killed a death yak
  7254 | D:9      | Reached **** piety under Okawaru
  7274 | D:9      | Killed a death yak
  7274 | D:9      | Reached ***** piety under Okawaru
  7275 | D:9      | Killed Grum
  7276 | D:9      | Killed a death yak
  7276 | D:9      | Received a gift from Okawaru
  7342 | D:9      | Reached XP level 11. HP: 56/68 MP: 11/11
  7393 | D:9      | Noticed Prince Ribbit
  7397 | D:9      | Reached skill level 5 in Dodging
  7401 | D:9      | Killed Prince Ribbit
  7423 | D:9      | Noticed a two-headed ogre
  7474 | D:9      | Killed a two-headed ogre
  7474 | D:9      | Received a gift from Okawaru
  7474 | D:9      | Reached skill level 1 in Evocations
  7539 | D:9      | Found a glowing golden altar of the Shining One.
  7539 | D:9      | Noticed a two-headed ogre
  7684 | D:9      | Noticed a two-headed ogre
  7697 | D:9      | Killed a two-headed ogre
  7724 | D:9      | Killed a two-headed ogre
  7907 | D:9      | Noticed Joseph
  7920 | D:9      | Killed Joseph
  8347 | D:9      | Found an opulent altar of Gozag.
  8648 | D:9      | Found a basalt altar of Yredelemnul.
  8782 | D:9      | Noticed an angel
  8800 | D:10     | Entered Level 10 of the Dungeon
  8912 | D:10     | Found a shadowy altar of Dithmenos.
  9139 | Lair:1   | Entered Level 1 of the Lair of Beasts
  9141 | Lair:1   | Noticed a five-headed hydra
  9156 | Lair:1   | Killed a five-headed hydra
  9564 | Lair:1   | Noticed an oklob plant
  9589 | Lair:1   | Received a gift from Okawaru
  9589 | Lair:1   | Reached ****** piety under Okawaru
  9589 | Lair:1   | Reached skill level 10 in Fighting
  9589 | Lair:1   | Reached XP level 12. HP: 69/77 MP: 9/12
  9592 | Lair:1   | Got an ichor-stained hat {god gift}
  9603 | Lair:1   | Identified the +2 hat of Okawaru's Reproof {rF+++ Regen+
                  | Int+4 Stlth-} (Okawaru gifted it to you on level 1 of the
                  | Lair of Beasts)
  9631 | Lair:1   | Got a shimmering leather armour
  9632 | Lair:1   | Identified the +3 leather armour of True Grit {-Tele rC++
                  | Stlth+} (You found it on level 1 of the Lair of Beasts)
 10362 | Lair:2   | Noticed a four-headed hydra
 10375 | Lair:2   | Killed a four-headed hydra
 10407 | Lair:2   | Found a hole to the Spider Nest.
 10574 | Lair:2   | Noticed a seven-headed hydra
 10586 | Lair:2   | Killed a seven-headed hydra
 11296 | Lair:3   | Noticed a death yak
 11309 | Lair:3   | Noticed a death yak
 11310 | Lair:3   | Noticed a death yak
 11319 | Lair:3   | Killed a death yak
 11328 | Lair:3   | Killed a death yak
 11344 | Lair:3   | Killed a death yak
 11591 | Lair:3   | Reached XP level 13. HP: 72/84 MP: 10/14
 11603 | Lair:3   | Reached skill level 10 in Armour
 11772 | Lair:3   | Received a gift from Okawaru
 12057 | Lair:3   | Found a staircase to the Swamp.
 12231 | Lair:3   | Reached skill level 15 in Maces & Flails
 13542 | Lair:5   | Found an opulent altar of Gozag.
 13592 | Lair:5   | Received a gift from Okawaru
 13611 | Lair:5   | Found a staircase to the Slime Pits.
 13611 | Lair:5   | Found a viscous altar of Jiyva.
 13634 | Lair:4   | Gained mutation: Your large and strong wings let you fly
                  | indefinitely. [Gargoyle growth]
 13634 | Lair:4   | Reached XP level 14. HP: 73/92 MP: 13/15
 13822 | Lair:6   | Entered Level 6 of the Lair of Beasts
 13878 | Lair:6   | Got a polished centaur barding
 14026 | Lair:6   | Found a gate leading to a gauntlet.
 14040 | Gauntlet | Entered a Gauntlet
 14040 | Gauntlet | Found a transporter.
 14040 | Gauntlet | Found a transporter.
 14040 | Gauntlet | Found a transporter.
 14053 | Gauntlet | Found a transporter.
 14053 | Gauntlet | Found a transporter.
 14061 | Gauntlet | Found a transporter.
 14064 | Gauntlet | Found a transporter.
 14073 | Gauntlet | Found a transporter.
 14089 | Gauntlet | Noticed a reaper
 14090 | Gauntlet | Found a transporter.
 14095 | Gauntlet | Found a transporter.
 14098 | Gauntlet | Found a transporter.
 14108 | Gauntlet | Found a transporter.
 14292 | Gauntlet | Got a heavily runed platinum ring
 14294 | Gauntlet | Identified the ring of the Coward {rPois rF+ Int+5 Stlth+}
                  | (You found it in a Gauntlet)
 14337 | Gauntlet | Received a gift from Okawaru
 14865 | Lair:6   | Received a gift from Okawaru
 15019 | Lair:6   | Got a glittering silver ring
 15022 | Lair:6   | Identified the ring "Cimpof Ogio" {rC+ rN+ MR+ Dex+3
                  | Stlth+} (You found it on level 6 of the Lair of Beasts)
 15211 | Lair:6   | Got a shimmering lapis lazuli ring
 15338 | Lair:6   | Identified the ring of Grontol {*Drain MP+9 Int+4 SInv}
                  | (You found it on level 6 of the Lair of Beasts)
 15381 | Lair:6   | Noticed a dire elephant
 15391 | Lair:6   | Killed a dire elephant
 15468 | Lair:6   | Reached skill level 1 in Invocations
 15477 | Lair:6   | Reached XP level 15. HP: 42/99 MP: 4/16
 16028 | D:10     | Found a staircase to the Orcish Mines.
 16053 | Orc:1    | Entered Level 1 of the Orcish Mines
 16517 | Orc:2    | Entered Level 2 of the Orcish Mines
 16682 | Orc:2    | Found a burning altar of Makhleb.
 16701 | Orc:2    | Noticed an orc warlord
 16930 | Orc:2    | Noticed Nergalle
 16941 | Orc:2    | Found a staircase to the Elven Halls.
 17275 | Orc:2    | Killed Nergalle
 17275 | Orc:2    | Received a gift from Okawaru
 17414 | Orc:2    | Found a roughly hewn altar of Beogh.
 17446 | Orc:1    | Killed an orc warlord
 17474 | Orc:2    | Found Onan's General Store.
 17487 | Orc:2    | Found Neablorr's Antique Weapon Shoppe.
 17621 | Orc:2    | Found Ruhor's Antique Armour Shoppe.
 17673 | Orc:2    | Found Kuaroha's Jewellery Shoppe.
 18215 | Swamp:1  | Entered Level 1 of the Swamp
 18223 | Swamp:1  | Noticed Louise
 18285 | Lair:3   | Killed Louise
 18544 | Swamp:1  | Noticed a thorn hunter
 18562 | Swamp:1  | Killed a thorn hunter
 18821 | Swamp:1  | Received a gift from Okawaru
 19583 | Swamp:2  | Noticed a thorn hunter
 19603 | Swamp:2  | Killed a thorn hunter
 19617 | Swamp:2  | Got a transparent bone amulet
 19691 | Swamp:1  | Identified the amulet "Ekofie" {RegenMP Dex+2 Slay-4
                  | Stlth+} (You found it on level 2 of the Swamp)
 19951 | Orc:2    | Bought a glowing morningstar for 217 gold pieces
 20440 | Swamp:2  | Reached skill level 1 in Shields
 20440 | Swamp:2  | Reached XP level 16. HP: 98/107 MP: 15/17
 20507 | Swamp:2  | Noticed a thorn hunter
 20523 | Swamp:2  | Killed a thorn hunter
 20618 | Swamp:2  | Reached skill level 2 in Shields
 21033 | Swamp:3  | Noticed a thorn hunter
 21044 | Swamp:3  | Killed a thorn hunter
 21044 | Swamp:3  | Reached skill level 3 in Shields
 21129 | Swamp:3  | Noticed ShrewdGherkins's ghost (adept TeCj)
 21175 | Swamp:3  | Found a runed translucent gate.
 21175 | Swamp:3  | Found a runed translucent gate.
 21178 | Swamp:3  | Found a runed translucent gate.
 21233 | Swamp:3  | Received a gift from Okawaru
 21233 | Swamp:3  | Reached skill level 4 in Shields
 21249 | Swamp:3  | Got a translucent plate armour {god gift}
 21260 | Swamp:3  | Identified the +0 plate armour of Refuge {+Fly rElec rCorr
                  | Int+3} (Okawaru gifted it to you on level 3 of the Swamp)
 21861 | Swamp:3  | Reached skill level 5 in Shields
 22141 | Swamp:4  | Entered Level 4 of the Swamp
 22141 | Swamp:4  | Noticed a thorn hunter
 22166 | Swamp:3  | Killed a thorn hunter
 22179 | Swamp:3  | Reached skill level 6 in Shields
 22476 | Swamp:3  | Identified a scroll of acquirement
 22477 | Swamp:3  | Got a crude chain mail
 22488 | Swamp:3  | Identified the +1 chain mail of a volcano {Dex+6} (You
                  | acquired it on level 3 of the Swamp)
 22630 | Swamp:4  | Reached skill level 15 in Fighting
 22674 | Swamp:4  | Reached skill level 7 in Shields
 23041 | Swamp:4  | Received a gift from Okawaru
 23042 | Swamp:4  | Got a pitted triple sword {god gift}
 23228 | Swamp:4  | Reached skill level 8 in Shields
 23365 | Swamp:4  | Reached XP level 17. HP: 95/113 MP: 1/19
 23489 | Swamp:4  | Got a decaying rune of Zot
 23696 | Spider:1 | Entered Level 1 of the Spider Nest
 23698 | Spider:1 | Found a frozen archway.
 23707 | Spider:1 | Reached skill level 9 in Shields
 23750 | IceCv    | Entered an ice cave
 24213 | IceCv    | Received a gift from Okawaru
 24357 | IceCv    | Got a fine fustibalus {god gift}
 24722 | Spider:1 | Reached skill level 10 in Shields
 24762 | Spider:1 | Reached skill level 5 in Stealth
 24915 | Spider:1 | Received a gift from Okawaru
 24916 | Spider:1 | Got a slimy flail {god gift}
 24917 | Spider:1 | Identified the +6 flail of Righteous Fury {flame, *Slow
                  | Fragile MP+9 Dex+10} (Okawaru gifted it to you on level 1
                  | of the Spider Nest)
 25553 | Spider:2 | Reached skill level 11 in Shields
 25702 | Spider:2 | Noticed Arachne
 26003 | Spider:2 | Killed Arachne
 27242 | Swamp:3  | Found a runed translucent gate.
 27243 | Swamp:3  | Found a runed translucent gate.
 27244 | Swamp:3  | Found a runed translucent gate.
 28036 | Spider:3 | Received a gift from Okawaru
 28039 | Spider:3 | Got an ancient chain mail {god gift}
 28085 | Spider:2 | Identified the +7 chain mail of Fecwus {Str+6 Dex+2 Stlth+}
                  | (Okawaru gifted it to you on level 3 of the Spider Nest)
 28221 | Spider:3 | Reached skill level 12 in Shields
 28360 | Spider:3 | Reached XP level 18. HP: 120/120 MP: 21/21
 28750 | Spider:4 | Entered Level 4 of the Spider Nest
 29239 | Spider:4 | Reached skill level 13 in Shields
 29629 | Spider:4 | Got a gossamer rune of Zot
 30421 | D:12     | Found a white marble altar of Elyvilon.
 30422 | D:12     | Found a runed translucent door.
 30575 | D:12     | You are sucked into a shaft for 3 floors!
 30575 | D:15     | Entered Level 15 of the Dungeon
 30673 | D:15     | Noticed Rupert
 30693 | D:15     | Killed Rupert
 30834 | D:15     | Received a gift from Okawaru
 30838 | D:15     | Identified the +10 triple sword of Infinite Pain {slice,
                  | MR+} (Okawaru gifted it to you on level 4 of the Swamp)
 30847 | D:15     | Identified the +0 chain mail of the Commoners {Int+2}
                  | (Okawaru gifted it to you on level 15 of the Dungeon)
 31299 | D:15     | Found a staircase to the Depths.
 31361 | Depths:1 | Entered Level 1 of the Depths
 31405 | D:14     | Found a gate to the Vaults.
 31426 | D:14     | Reached skill level 14 in Shields
 31686 | D:13     | Learned a level 1 spell: Apportation
 32593 | D:14     | Found a transporter.
 32625 | D:14     | Found Opnuic's General Store.
 32785 | D:14     | Found a blossoming altar of Fedhas.
 32851 | D:14     | Found a deep blue altar of Sif Muna.
 32905 | D:14     | Reached XP level 19. HP: 122/127 MP: 20/22
 33075 | D:14     | Found a portal to a secret trove of treasure.
 33128 | D:14     | Found a radiant altar of Vehumet.
 33305 | D:7      | Found a roughly hewn altar of Beogh.
 33319 | D:7      | Killed jorbis's ghost
 34320 | Elf:1    | Entered Level 1 of the Elven Halls
 34326 | Elf:1    | Gained mutation: Your body sometimes deteriorates upon
                  | taking damage. [a neqoxec]
 34352 | Elf:1    | Reached skill level 15 in Shields
 34503 | Elf:1    | Received a gift from Okawaru
 34506 | Elf:1    | Got a faintly glowing cloak {god gift}
 34517 | Elf:1    | Identified the +2 cloak "Ynua" {rPois} (Okawaru gifted it
                  | to you on level 1 of the Elven Halls)
 34663 | Elf:1    | Identified the +7 whip "Mius" {holy, rPois MR+ Stlth+}
 35550 | Elf:2    | Found a radiant altar of Vehumet.
 35911 | Elf:2    | Found a runed translucent gate.
 35911 | Elf:2    | Found a runed translucent gate.
 35911 | Elf:2    | Found a runed translucent gate.
 36121 | Elf:2    | Reached skill level 16 in Shields
 36309 | Elf:2    | Cast into level 2 of the Abyss (+4 quick blade of
                  | distortion)
 36444 | Abyss:4  | Noticed a profane servitor
 36450 | Elf:2    | Escaped the Abyss
 36522 | Elf:3    | Entered Level 3 of the Elven Halls
 37052 | Vaults:1 | Entered Level 1 of the Vaults
 37280 | Orc:2    | Bought a +0 large shield of reflection for 119 gold pieces
 37280 | Orc:2    | Bought a potion of haste for 140 gold pieces
 37280 | Orc:2    | Bought a potion of haste for 140 gold pieces
 37280 | Orc:2    | Bought a potion of ambrosia for 112 gold pieces
 37571 | Vaults:1 | Received a gift from Okawaru
 37571 | Vaults:1 | Reached XP level 20. HP: 134/134 MP: 23/23
 37946 | Vaults:1 | Reached skill level 17 in Shields
 38380 | Vaults:1 | Found Egon's Book Emporium.
 38907 | Vaults:2 | Received a gift from Okawaru
 39306 | Vaults:2 | Found Qicousis's General Store.
 39309 | Vaults:2 | Bought a scroll of identify for 42 gold pieces
 39420 | Vaults:2 | Reached skill level 18 in Shields
 39608 | Vaults:2 | Reached skill level 15 in Armour
 39611 | Vaults:2 | Received a gift from Okawaru
 39893 | D:14     | You paid a toll of +2 fire dragon scales to enter a
                  | treasure trove
 39894 | Trove    | Entered a treasure trove
 39899 | Trove    | Got a wavering golden ring
 39901 | Trove    | Got a vibrating turquoise ring
 39903 | Trove    | Got a clouded bronze ring
 39905 | Trove    | Got a transparent iron ring
 39916 | Trove    | Got a sparkling brass amulet
 39919 | Trove    | Got a clouded copper amulet
 39921 | Trove    | Got a sparkling steel amulet
 39927 | Trove    | Identified the amulet "Hafon" {Reflect MR+ Str+4 SH+3} (You
                  | found it in a treasure trove)
 40034 | D:14     | Bought a scroll of identify for 36 gold pieces
 40186 | Orc:2    | Bought a scroll of identify for 28 gold pieces
 40186 | Orc:2    | Bought a scroll of identify for 28 gold pieces
 40186 | Orc:2    | Bought a scroll of identify for 28 gold pieces
 40189 | Orc:2    | Identified the amulet "Riamia" {Gourm +Inv} (You found it
                  | in a treasure trove)
 40192 | Orc:2    | Identified the amulet "Maux Ner" {Reflect rPois Str-5 Dex+7
                  | SH+5} (You found it in a treasure trove)
 40195 | Orc:2    | Identified the ring of Xexzyva {rC+ MP+9} (You found it in
                  | a treasure trove)
 40199 | Orc:2    | Identified the ring "Anwo Eli" {+Blink Str+6 Int+3} (You
                  | found it in a treasure trove)
 40201 | Orc:2    | Identified the ring "Zekenuocs" {Fire rN+} (You found it in
                  | a treasure trove)
 40207 | Orc:2    | Identified the ring of Qaxups {Wiz Str+4 Int+4} (You found
                  | it in a treasure trove)
 41140 | Vaults:3 | Received a gift from Okawaru
 41148 | Vaults:3 | Reached XP level 21. HP: 106/140 MP: 24/24
 41263 | Vaults:3 | Reached skill level 19 in Shields
 41801 | Vaults:3 | Received a gift from Okawaru
 41813 | Vaults:3 | Paralysed by a floating eye for 2 turns
 41930 | Vaults:3 | Found a staircase to the Crypt.
 42117 | Vaults:3 | Noticed Mara
 42134 | Vaults:3 | Noticed DrEnzyme's illusion
 42137 | Vaults:3 | Killed Mara
 42222 | Vaults:4 | Received a gift from Okawaru
 42236 | Vaults:4 | Noticed Asterion
 42259 | Vaults:4 | Killed Asterion
 42267 | Vaults:3 | Reached skill level 20 in Shields
 42336 | Vaults:4 | Noticed Jory
 42341 | Vaults:4 | Noticed Sojobo
 42684 | Vaults:4 | Found a runed translucent door.
 42684 | Vaults:4 | Found a shimmering altar of Xom.
 42685 | Vaults:4 | Noticed foobar1000's ghost (veteran SpHu)
 42731 | Vaults:4 | Killed foobar1000's ghost
 42731 | Vaults:4 | Reached skill level 5 in Invocations
 42735 | Vaults:4 | Identified Uwufaf's Collected Works on Execration and Earth
 42786 | Vaults:4 | Killed Sojobo
 42798 | Vaults:4 | Killed Jory
 43016 | Vaults:4 | Received a gift from Okawaru
 43019 | Vaults:4 | Identified the +2 plate armour "Meuss" {+Blink rElec rF-
                  | Stlth+} (Okawaru gifted it to you on level 4 of the Vaults)
 43019 | Vaults:4 | Noticed Agnes
 43032 | Vaults:4 | Killed Agnes
 43151 | Vaults:4 | Reached XP level 22. HP: 138/147 MP: 25/25
 43316 | Vaults:4 | Reached skill level 21 in Shields
 44853 | Elf:3    | Identified the +2 leather armour "Eppemimm" {Dex+6 Slay-3}
 45517 | Elf:3    | Identified the Compendium of Supportive Ignition
 45564 | Elf:3    | Identified a +2 pair of boots of running (You found it on
                  | level 3 of the Elven Halls)
 45900 | Depths:1 | Found a one-way gate leading to the halls of Pandemonium.
 45932 | Depths:1 | You fall through a shaft!
 45989 | Depths:2 | Received a gift from Okawaru
 46088 | Depths:1 | Received a gift from Okawaru
 46095 | Depths:1 | Reached skill level 22 in Shields
 46188 | Depths:1 | Got a translucent scale mail {god gift}
 46199 | Depths:1 | Identified the +5 scale mail of the Prince {rPois MR++}
                  | (Okawaru gifted it to you on level 1 of the Depths)
 46782 | Depths:1 | Found a gateway to Hell.
 47134 | Depths:2 | Reached XP level 23. HP: 153/153 MP: 27/27
 47259 | Depths:2 | Identified the +9 battleaxe "Aneghiy" {chop, *Contam rF+
                  | Dex+4 Stlth+} (You found it on level 2 of the Depths)
 47753 | Depths:2 | Reached skill level 23 in Shields
 47977 | Depths:3 | Received a gift from Okawaru
 48195 | Depths:3 | Noticed a caustic shrike
 48204 | Depths:3 | Killed a caustic shrike
 48425 | Depths:3 | Received a gift from Okawaru
 49152 | Depths:4 | Identified the +0 battleaxe "Dyvvoa" {chop, rC+ MR++ Str+4
                  | Stlth-} (You found it on level 4 of the Depths)
 49567 | Depths:4 | Reached XP level 24. HP: 160/160 MP: 0/27
 49741 | Depths:4 | Received a gift from Okawaru
 49741 | Depths:4 | Reached skill level 24 in Shields
 49744 | Depths:4 | Identified the +1 pair of boots of Relativism {Dex+3}
                  | (Okawaru gifted it to you on level 4 of the Depths)
 49976 | Depths:4 | Found a one-way gate to the infinite horrors of the Abyss.
 50436 | D:9      | Fell from the grace of Okawaru
 50436 | D:9      | Became a worshipper of the Shining One
 50661 | Depths:4 | Voluntarily entered the Abyss.
 50663 | Abyss:1  | Found a corrupted altar of Lugonu.
 50810 | Abyss:2  | Found a corrupted altar of Lugonu.
 50867 | Abyss:3  | Reached * piety under the Shining One
 50978 | Abyss:3  | Got an abyssal rune of Zot
 51070 | Depths:4 | Escaped the Abyss
 51337 | Depths:5 | Entered Level 5 of the Depths
 51361 | Depths:5 | Reached ** piety under the Shining One
 51768 | Slime:1  | Entered Level 1 of the Pits of Slime
 51987 | Slime:3  | Paralysed by a floating eye for 3 turns
 51994 | Slime:3  | Gained mutation: Your muscles are strong. (Str +2) [a
                  | shining eye]
 51997 | Slime:3  | Gained mutation: You have a somewhat thin skeletal
                  | structure. (Dex +2, Stealth) [a shining eye]
 52038 | Slime:4  | Paralysed by a floating eye for 3 turns
 52069 | Slime:4  | Paralysed by a floating eye for 3 turns
 52132 | Slime:4  | Reached skill level 25 in Shields
 52204 | Slime:3  | Gained mutation: You are frail. (-10% HP) [a shining eye]
 52248 | Slime:1  | Gained mutation: Armour fits poorly on your strangely
                  | shaped body. [a shining eye]
 52671 | Slime:3  | Reached *** piety under the Shining One
 52687 | Slime:3  | Gained mutation: You occasionally shout uncontrollably at
                  | your foes. [a shining eye]
 52857 | Slime:3  | Gained mutation: Your magical capacity is low. (-10% MP) [a
                  | shining eye]
 53231 | Slime:3  | Gained mutation: You are very frail. (-20% HP) [a shining
                  | eye]
 53240 | Slime:3  | Gained mutation: You sometimes yell uncontrollably at your
                  | foes. [a shining eye]
 53475 | Slime:5  | Entered Level 5 of the Pits of Slime
 53893 | Slime:5  | Reached XP level 25. HP: 91/134 MP: 24/24
 54039 | Slime:5  | Gained mutation: Your natural rate of healing is unusually
                  | fast. [a shining eye]
 54043 | Slime:5  | Gained mutation: Potions are less effective at restoring
                  | your health. [a shining eye]
 54097 | Slime:4  | Lost mutation: Your muscles are strong. (Str +2) [a shining
                  | eye]
 54111 | Slime:5  | Gained mutation: You tend to lose your temper in combat. [a
                  | shining eye]
 54500 | Slime:3  | Lost mutation: Armour fits poorly on your strangely shaped
                  | body. [potion of mutation]
 54500 | Slime:3  | Lost mutation: You tend to lose your temper in combat.
                  | [potion of mutation]
 54500 | Slime:3  | Gained mutation: You are partially covered in molten
                  | scales. (AC +2) [potion of mutation]
 54622 | Slime:5  | Gained mutation: Scrolls take you a little longer to read.
                  | [a shining eye]
 54703 | Slime:5  | Gained mutation: You are clumsy. (Dex -2) [a shining eye]
 54707 | Slime:5  | Gained mutation: Armour fits poorly on your strangely
                  | shaped body. [a shining eye]
 54733 | Slime:5  | Was forgiven by Okawaru
 55844 | Slime:5  | Noticed the Royal Jelly
 55845 | Slime:5  | Found a viscous altar of Jiyva.
 55871 | Slime:5  | Killed the Royal Jelly
 56015 | Slime:5  | Reached skill level 26 in Shields
 56062 | Slime:5  | Got a twitching diamond amulet
 56065 | Slime:5  | Identified the amulet of Irooc {Harm *Drain rElec Str+6
                  | Int-2} (You found it on level 5 of the Pits of Slime)
 56114 | Slime:5  | Got a slimy rune of Zot
 56115 | Slime:5  | Identified Sif Muna's Collected Works on Destructive
                  | Augmentations
 56173 | Slime:5  | Lost mutation: You sometimes yell uncontrollably at your
                  | foes. [potion of mutation]
 56173 | Slime:5  | Lost mutation: Scrolls take you a little longer to read.
                  | [potion of mutation]
 56173 | Slime:5  | Gained mutation: You are extremely frail. (-30% HP) [potion
                  | of mutation]
 56173 | Slime:5  | Gained mutation: You are dopey. (Int -2) [potion of
                  | mutation]
 56173 | Slime:5  | Gained mutation: You are resistant to hostile enchantments.
                  | (MR+) [potion of mutation]
 56174 | Slime:5  | Lost mutation: You are partially covered in molten scales.
                  | (AC +2) [potion of mutation]
 56174 | Slime:5  | Lost mutation: You are extremely frail. (-30% HP) [potion
                  | of mutation]
 56174 | Slime:5  | Lost mutation: You are dopey. (Int -2) [potion of mutation]
 56174 | Slime:5  | Lost mutation: You are clumsy. (Dex -2) [potion of
                  | mutation]
 56174 | Slime:5  | Gained mutation: You are highly resistant to hostile
                  | enchantments. (MR++) [potion of mutation]
 56174 | Slime:5  | Gained mutation: You are agile. (Dex +2) [potion of
                  | mutation]
 56174 | Slime:5  | Gained mutation: You are very agile. (Dex +4) [potion of
                  | mutation]
 56892 | Depths:5 | Found a gateway to a ziggurat.
 57119 | Depths:5 | Reached **** piety under the Shining One
 57189 | Depths:5 | Found a gate to the Realm of Zot.
 57332 | Depths:5 | Noticed a juggernaut
 57340 | Depths:5 | Killed a juggernaut
 57572 | Depths:5 | Found a runed translucent door.
 57653 | Depths:5 | Reached ***** piety under the Shining One
 57669 | Depths:5 | Lost mutation: You are very agile. (Dex +4) [potion of
                  | mutation]
 57669 | Depths:5 | Lost mutation: You occasionally shout uncontrollably at
                  | your foes. [potion of mutation]
 57669 | Depths:5 | Lost mutation: Your body sometimes deteriorates upon taking
                  | damage. [potion of mutation]
 57669 | Depths:5 | Lost mutation: Potions are less effective at restoring your
                  | health. [potion of mutation]
 57669 | Depths:5 | Gained mutation: You have large cloven feet. [potion of
                  | mutation]
 57814 | Zot:1    | Entered Level 1 of the Realm of Zot
 57883 | Zot:1    | Found a deep blue altar of Sif Muna.
 57989 | Zot:1    | Reached XP level 26. HP: 113/140 MP: 24/24
 58680 | Zot:2    | Reached skill level 27 in Shields
 58927 | Zot:2    | Reached skill level 10 in Dodging
 59521 | Swamp:3  | Killed ShrewdGherkins's ghost
 59539 | Swamp:3  | Identified the Catalogue of Fire and the Oath
 59892 | Zig:1    | Entered Level 1 of a ziggurat
 59928 | Zig:2    | Entered Level 2 of a ziggurat
 59966 | Zig:3    | Entered Level 3 of a ziggurat
 59969 | Zig:3    | Noticed a juggernaut
 59970 | Zig:3    | Found the +4 dagger "Morg" {pain, MR+ Int+5}
 59981 | Zig:3    | Killed a juggernaut
 60032 | Zig:4    | Entered Level 4 of a ziggurat
 60099 | Zig:4    | Reached skill level 1 in Spellcasting
 60099 | Zig:4    | Reached skill level 1 in Translocations
 60099 | Zig:4    | Reached XP level 27. HP: 145/145 MP: 25/26
 60112 | Zig:5    | Entered Level 5 of a ziggurat
 60157 | Zig:5    | Got a flickering steel amulet
 60160 | Zig:5    | Identified the amulet "Lixul" {Spirit rPois} (You found it
                  | on level 5 of a ziggurat)
 60175 | Zig:6    | Entered Level 6 of a ziggurat
 60211 | Zig:6    | Found the brooch of Shielding {Reflect SH+8}
 60252 | Zig:7    | Entered Level 7 of a ziggurat
 60319 | Zig:8    | Entered Level 8 of a ziggurat
 60480 | Zig:9    | Entered Level 9 of a ziggurat
 60847 | Zot:2    | Noticed an ancient lich
 60855 | Zot:2    | Killed an ancient lich
 60864 | Zot:2    | Reached skill level 10 in Invocations
 60874 | Zot:2    | Identified Zedghafu's Disquisition on Attacks and
                  | Transformation
 61455 | Zot:3    | Identified the +4 dragonskin cloak
 61455 | Zot:3    | Noticed Tiamat
 61496 | Zot:3    | Identified the +2 scimitar "Epnidyj" {slice, rPois}
 61543 | Zot:3    | HP: 5/147 [Tiamat/+2 demon trident of draining (26)]
 61546 | Zot:3    | Killed from afar by a quicksilver dragon

Skill      XL: |  1  2  3  4  5  6  7  8  9 10 11 12 13 14 15 16 17 18 19 20 21 22 23 24 25 26 27 |
---------------+----------------------------------------------------------------------------------+-----
Fighting       | 3 4 5 6 8 10 11 12 13 14 15 16 17 18 19 20 21 22 | 22.2
Armour         | 1 2 3 4 5 6 8 9 11 12 13 14 15 16 17 | 17.0
Maces & Flails | 4 5 7 8 10 11 13 14 15 17 18 19 20 21 22 23 | 23.4
Dodging        | 3 4 5 6 7 8 9 10 | 10.2
Stealth        | 1 2 3 4 5 6 7 |  7.3
Evocations     | 1 2 3 |  3.0
Invocations    | 1 2 3 4 5 7 10 | 10.6
Shields        | 1 8 12 14 16 18 20 22 23 25 26 27 | 27.0
Throwing       | 2 |  2.0
Spellcasting   | 1 |  1.1
Translocations | 1 |  1.1

Action                   |  1- 3 |  4- 6 |  7- 9 | 10-12 | 13-15 | 16-18 | 19-21 | 22-24 | 25-27 || total
-------------------------+-------+-------+-------+-------+-------+-------+-------+-------+-------++-------
Melee: Flail             |    99 |   147 |   439 |   687 |   398 |    41 |       |       |       ||  1811
       Great mace        |       |       |       |       |   979 |       |       |       |       ||   979
       Morningstar       |       |       |       |       |    94 |  1828 |  1634 |  1866 |  1358 ||  6780
Throw: Throwing net      |       |       |       |       |       |       |       |       |     5 ||     5
Invok: Heroism           |       |       |       |       |    12 |    17 |     6 |     3 |       ||    38
       Finesse           |       |       |       |       |     4 |    13 |     5 |     3 |       ||    25
       Divine Shield     |       |       |       |       |       |       |       |     1 |     3 ||     4
       Summon Divine War |       |       |       |       |       |       |       |       |     7 ||     7
       Cleansing Flame   |       |       |       |       |       |       |       |       |    12 ||    12
 Abil: Stop Flying       |       |       |       |       |       |       |     1 |       |       ||     1
       Fly               |       |       |       |       |       |       |       |     1 |       ||     1
Evoke: Wand              |       |     4 |       |     6 |     1 |    29 |     1 |     3 |       ||    44
       Sack of spiders   |       |       |       |       |       |       |       |       |     4 ||     4
       Box of beasts     |       |       |       |       |       |       |       |       |     3 ||     3
  Use: Scroll            |     1 |       |    10 |     7 |     7 |    22 |    18 |    14 |    22 ||   101
       Potion            |       |     1 |     1 |       |     5 |     2 |     1 |     4 |    21 ||    35
 Stab: Confused          |       |     2 |       |     4 |       |    17 |       |       |       ||    23
       Sleeping          |       |       |       |     2 |       |    10 |     9 |     1 |       ||    22
       Invisible         |       |       |       |       |     4 |     8 |       |       |       ||    12
       Held in net/web   |       |       |       |       |       |     1 |       |       |       ||     1
  Eat: Chunk             |       |     6 |    10 |    18 |    22 |     4 |     4 |     7 |       ||    71
       Ration            |       |       |     1 |     3 |     3 |    10 |     9 |     9 |     9 ||    44
Armor: Leather armour    |    54 |    33 |       |       |       |       |       |       |       ||    87
       Ring mail         |       |    33 |   225 |   107 |       |       |       |       |       ||   365
       Chain mail        |       |       |       |   372 |  1304 |   489 |   604 |   574 |   328 ||  3671
       Plate armour      |       |       |       |       |       |  1057 |       |       |       ||  1057
       Gold dragon scale |       |       |       |       |       |       |       |       |   257 ||   257
Dodge: Dodged            |    83 |   128 |   277 |   340 |  1068 |  1057 |   437 |   405 |   450 ||  4245
Block: Shield            |       |       |       |       |    40 |  1498 |   286 |       |       ||  1824
       Large shield      |       |       |       |       |       |       |  1315 |  1968 |  1963 ||  5246
       Reflection        |       |       |       |       |       |       |    88 |   107 |    86 ||   281
